Map: Last Remnant

Players

Infamous

  • Race: Protoss Protoss
  • League: Silver
  • Spawn Location: 9:00

Mystique

  • Race: Zerg Zerg
  • Spawn Location: 6:00

MannyP

  • Race: Terran Terran
  • Spawn Location: 6:00

Blade

  • Race: Zerg Zerg
  • League: Platinum
  • Spawn Location: 7:00

shadow

  • Race: Protoss Protoss
  • League: Bronze
  • Spawn Location: 12:00

BoB

  • Race: Terran Terran
  • League: Gold
  • Spawn Location: 3:00

Darkimpact

  • Race: Protoss Protoss
  • Spawn Location: 1:00

niko

  • Race: Terran Terran
  • League: Silver
  • Spawn Location: 12:00

VOD

Have the link to the VOD?

Description

Time

  • Played on: March 14, 2018, 10:54 a.m.
  • Length: 12:57
Show
View Real Time Build Order
Export as new Build Order

Infamous Protoss 

Build Orders:  

Get SALT Encoding   

  12  0:03  Probe  
  13  0:16  Probe  
  13  0:20  Pylon  
  14  0:28  Probe  
  15  0:40  Gateway  
  15  0:44  Probe  
  16  0:56  Probe (Chrono Boost)  
  17  1:00  Assimilator  
  17  1:08  Probe (Chrono Boost)  
  18  1:15  Probe (Chrono Boost)  
  19  1:21  Pylon  
  19  1:35  Cybernetics Core  
  19  1:52  Pylon  
  19  1:54  Probe  
  19  1:56  Assimilator  
  20  2:12  Warp Gate (Chrono Boost)  
  20  2:20  Probe  
  20  2:27  Zealot  
  22  2:32  Probe  
  23  2:47  Probe  
  24  2:58  Forge  
  24  3:00  Probe  
  24  3:02  Twilight Council  
  25  3:13  Probe  
  26  3:20  Stalker  
  26  3:25  Probe  
  26  3:26  Stargate  
  29  3:33  Shield Battery  
  29  3:38  Charge (Chrono Boost)  
  29  3:45  Gateway  
  29  3:47  Gateway  
  29  3:58  Probe  
  29  4:00  Protoss Ground Weapons Level 1 (Chrono Boost)  
  30  4:12  Pylon  
  30  4:13  Phoenix  
  32  4:20  Probe  
  32  4:22  Robotics Facility  
  33  4:24  Stalker  
  35  4:39  Probe  
  34  4:54  Sentry  
  34  4:56  Zealot  
  38  5:05  Phoenix  
  40  5:09  Warp Prism  
  40  5:12  Probe  
  43  5:17  Zealot x2  
  47  5:47  Gateway  
  47  5:48  Pylon  
  47  5:51  Pylon  
  47  5:57  Probe  
  47  6:01  Nexus  
  47  6:04  Pylon  
  46  6:07  Pylon  
  46  6:15  Stalker  
  48  6:30  Probe  
  48  6:32  Immortal  
  53  7:11  Nexus  
  53  7:14  Pylon, Probe x2  
  55  7:16  Pylon  
  55  7:21  Stalker  
  55  7:22  Stalker  
  59  7:26  Sentry x2  
  63  7:43  Templar Archives  
  63  7:51  Immortal  
  67  7:54  Probe (Chrono Boost)  
  67  7:55  Protoss Ground Armor Level 1 (Chrono Boost)  
  68  8:04  Probe (Chrono Boost)  
  69  8:13  Zealot x3  
  69  8:19  Zealot  
  77  8:45  Stalker  
  77  8:47  Zealot x3  
  77  9:25  Stalker x3  
  77  9:26  Stalker  
  85  9:33  Probe  
  85  9:34  Probe  
  87  9:44  Protoss Ground Armor Level 2 (Chrono Boost)  
  87  9:46  Probe  
  87  9:47  Gateway  
  88  10:15  Gateway  
  88  10:17  Gateway  
  88  10:20  Photon Cannon  
  89  10:21  Probe  
  89  10:23  Probe  
  89  10:25  Probe  
  91  10:50  High Templar x2  
  91  10:51  High Templar x2  
  99  10:59  Archon x2  
  89  11:15  Probe x2  
  82  11:49  Pylon  
  82  11:51  Pylon  
  82  11:56  Pylon  
  82  11:57  Pylon  
  82  12:14  Immortal  
Show
View Real Time Build Order
Export as new Build Order

Mystique Zerg 

Build Orders: Hatch First 

Get SALT Encoding   

  12  0:12  Drone x2  
  14  0:24  Overlord  
  14  0:47  Hatchery  
  13  0:55  Drone x2  
  15  0:57  Drone  
  16  1:07  Drone  
  17  1:16  Extractor  
  16  1:24  Extractor, Drone  
  17  1:32  Drone  
  17  1:33  Spawning Pool  
  16  1:42  Drone  
  17  1:54  Drone  
  18  2:05  Drone  
  19  2:11  Extractor  
  18  2:16  Drone x2  
  18  2:20  Lair  
  20  2:24  Metabolic Boost  
  20  2:28  Drone  
  21  2:35  Drone x2  
  21  2:36  Drone  
  24  2:42  Overlord  
  24  2:47  Drone  
  25  2:54  Overlord  
  25  2:58  Pneumatized Carapace  
  25  3:02  Drone  
  25  3:04  Drone  
  25  3:05  Drone  
  28  3:09  Drone  
  29  3:24  Drone  
  29  3:26  Queen  
  32  3:34  Drone  
  32  3:35  Drone  
  32  3:39  Extractor  
  33  3:46  Drone x2, Hydralisk Den  
  34  3:49  Overlord  
  34  3:54  Queen  
  36  3:57  Drone x2  
  36  4:02  Overlord  
  38  4:09  Queen  
  40  4:13  Overlord  
  40  4:16  Muscular Augments  
  40  4:22  Hydralisk  
  42  4:29  Queen  
  44  4:35  Evolution Chamber  
  43  4:40  Drone  
  43  4:45  Hydralisk x2  
  48  4:55  Drone x2  
  48  4:56  Drone  
  51  5:01  Zerg Missile Weapons Level 1  
  51  5:06  Burrow  
  51  5:10  Drone  
  52  5:19  Hydralisk x4  
  52  5:20  Hydralisk  
  52  5:21  Overlord x2  
  62  5:23  Hatchery  
  61  5:38  Overlord  
  61  5:44  Queen  
  61  5:45  Hydralisk x2  
  61  5:47  Hydralisk x3  
  73  5:53  Overseer  
  73  5:55  Overseer  
  73  5:57  Overlord  
  73  6:14  Hydralisk x2  
  73  6:15  Zergling x4  
  73  6:16  Zergling x4  
  81  6:48  Hydralisk x2  
  85  6:55  Zerg Ground Armor Level 1  
  85  7:01  Grooved Spines  
  85  7:08  Infestation Pit  
  84  7:10  Baneling Nest  
  84  7:11  Drone  
  84  7:12  Drone x4  
  84  7:13  Drone  
  89  7:27  Extractor  
  88  7:30  Hydralisk  
  88  7:31  Overlord, Zergling x2  
  88  7:35  Extractor  
  88  7:37  Overlord x3  
  90  7:47  Overlord  
  90  7:48  Overlord x3  
  90  8:03  Hive, Hydralisk  
  90  8:04  Hydralisk x5  
  102  8:13  Drone  
  103  8:36  Hydralisk x2  
  103  8:37  Hydralisk x5  
  103  8:38  Zergling x2  
  103  8:39  Zergling x6  
  121  8:52  Zergling x2  
  121  8:55  Zerg Missile Weapons Level 2  
  122  9:13  Centrifical Hooks  
  122  9:22  Zergling x2  
  122  9:23  Hydralisk x3, Zergling x6  
  132  9:35  Baneling x3  
  132  9:36  Baneling x5  
  132  9:37  Baneling x12  
  132  9:42  Queen  
  132  9:44  Overlord x4  
  134  10:23  Zergling x14  
  134  10:24  Zergling x10  
  134  10:26  Adrenal Glands  
  146  11:07  Ultralisk Cavern  
  145  11:15  Zergling x6  
  145  11:16  Zergling x20  
  158  11:23  Baneling x14  
  158  11:24  Baneling x13  
  158  12:17  Ultralisk  
  158  12:18  Ultralisk  
Show
View Real Time Build Order
Export as new Build Order

MannyP Terran 

Build Orders:  

Get SALT Encoding   

  12  0:09  Supply Depot  
  12  0:19  SCV  
  13  0:31  SCV  
  14  0:42  Barracks  
  14  0:44  SCV  
  15  0:50  Refinery  
  15  0:54  Refinery  
  15  0:58  SCV  
  16  1:10  SCV  
  17  1:22  SCV  
  18  1:32  Barracks Reactor  
  18  1:34  SCV  
  18  1:36  Supply Depot  
  19  1:46  SCV  
  20  2:02  Bunker  
  20  2:09  Marine x2  
  22  2:21  Factory  
  22  2:27  Marine x2  
  24  2:47  Supply Depot  
  24  2:53  SCV  
  25  3:01  Marine x2  
  27  3:05  SCV  
  27  3:07  Factory Tech Lab  
  28  3:14  Starport  
  28  3:18  SCV  
  29  3:27  Engineering Bay  
  29  3:30  SCV  
  29  3:33  Siege Tank  
  33  3:42  Marine, SCV  
  33  3:43  Marine  
  36  4:03  Missile Turret  
  36  4:05  Siege Tank  
  39  4:25  Missile Turret  
  39  4:48  Terran Infantry Weapons Level 1  
  39  4:51  Starport Tech Lab  
  39  5:03  Fusion Core  
  39  5:15  Command Center  
  39  5:18  Supply Depot  
  39  5:37  Missile Turret  
  39  5:40  SCV  
  40  5:49  Missile Turret  
  40  5:55  SCV  
  41  6:00  Starport, Weapon Refit  
  41  6:14  Battlecruiser  
  47  6:27  SCV  
  48  6:33  Supply Depot  
  48  6:39  SCV  
  49  6:40  Supply Depot  
  49  6:47  SCV  
  49  6:51  SCV  
  51  6:56  Refinery  
  51  6:59  SCV  
  52  7:04  Supply Depot  
  52  7:11  SCV  
  52  7:14  Refinery  
  53  7:18  SCV  
  53  7:22  Starport Tech Lab  
  54  7:24  SCV  
  54  7:26  Supply Depot  
  55  7:36  SCV  
  56  7:48  SCV  
  57  8:00  SCV, Battlecruiser  
  64  8:12  SCV  
  65  8:23  Command Center  
  65  8:24  SCV  
  66  8:47  Missile Turret, Battlecruiser  
  72  8:51  SCV  
  66  9:04  SCV  
  64  9:28  Missile Turret  
  64  9:32  Battlecruiser  
  64  9:36  Siege Tank  
  73  9:52  Armory  
  73  9:57  Armory  
  73  9:58  SCV  
  74  10:06  Refinery  
  74  10:08  Siege Tank, SCV  
  74  10:10  SCV  
  74  10:14  Refinery  
  79  10:20  SCV  
  80  10:22  SCV  
  81  10:30  Supply Depot  
  81  10:33  SCV  
  81  10:34  SCV  
  83  10:45  SCV  
  83  10:46  SCV  
  83  10:48  Battlecruiser  
  91  10:51  Terran Vehicle Weapons Level 1  
  91  10:52  Terran Vehicle And Ship Armor Level 1  
  92  10:57  SCV  
  92  10:58  SCV  
  92  11:00  Armory  
  93  11:04  Supply Depot  
  93  11:22  Missile Turret  
  93  11:30  SCV  
  94  11:42  SCV  
  96  11:54  Starport, SCV  
  96  11:57  Supply Depot  
  108  12:06  SCV  
  109  12:18  SCV  
  105  12:44  Supply Depot  
  105  12:46  Starport Tech Lab  
  105  12:47  Supply Depot  
Show
View Real Time Build Order
Export as new Build Order

Blade Zerg 

Build Orders: Hatch First 

Get SALT Encoding   

  12  0:01  Drone  
  13  0:08  Drone  
  14  0:37  Hatchery  
  13  0:52  Spawning Pool  
  13  0:56  Drone  
  13  1:01  Drone  
  14  1:14  Overlord  
  14  1:20  Extractor  
  14  1:21  Drone  
  14  1:38  Drone x2  
  14  1:39  Queen  
  18  1:49  Queen  
  21  1:54  Drone  
  21  1:58  Drone  
  22  2:06  Drone  
  22  2:08  Drone  
  24  2:10  Drone  
  25  2:22  Drone  
  26  2:23  Drone  
  26  2:24  Drone  
  28  2:32  Lair  
  28  2:44  Overlord  
  28  2:46  Overlord  
  28  3:05  Extractor  
  27  3:07  Extractor  
  27  3:11  Drone, Extractor  
  27  3:12  Drone x2  
  28  3:15  Drone  
  28  3:16  Drone x2  
  28  3:17  Drone  
  28  3:18  Drone  
  28  3:19  Drone  
  34  3:20  Drone  
  34  3:25  Drone  
  34  3:26  Drone x2  
  38  3:28  Drone  
  39  3:38  Spire  
  39  3:40  Drone  
  39  3:41  Drone  
  40  3:42  Drone  
  41  4:04  Drone x3  
  41  4:09  Extractor, Hatchery  
  42  4:12  Drone x2  
  42  4:14  Extractor  
  42  4:16  Overlord  
  43  4:23  Overlord x2  
  43  4:25  Overlord  
  43  4:26  Overlord  
  43  4:35  Drone  
  43  4:36  Drone  
  43  4:37  Drone x4  
  49  4:52  Drone x2  
  51  4:55  Zerg Flyer Weapons Level 1  
  51  5:09  Mutalisk x2  
  51  5:10  Mutalisk x2  
  51  5:12  Mutalisk  
  51  5:13  Mutalisk  
  63  5:14  Mutalisk  
  63  5:17  Mutalisk  
  67  5:21  Mutalisk  
  67  5:25  Mutalisk  
  71  5:29  Mutalisk  
  73  5:37  Queen  
  75  5:44  Mutalisk x2  
  75  5:48  Overlord  
  79  5:53  Overlord  
  79  5:55  Mutalisk  
  79  5:56  Mutalisk  
  72  6:42  Mutalisk x2  
  72  6:43  Mutalisk  
  48  7:56  Zerg Flyer Weapons Level 2  
  48  8:07  Drone  
  48  8:08  Drone x3  
  52  8:20  Mutalisk x3  
  52  8:21  Mutalisk  
  52  8:22  Mutalisk x5  
  52  8:24  Mutalisk x2  
  52  8:25  Mutalisk  
  76  8:37  Mutalisk  
  76  8:38  Mutalisk  
  80  8:43  Metabolic Boost  
  80  8:50  Evolution Chamber  
  80  8:55  Mutalisk x2  
  84  9:02  Drone  
  84  9:03  Drone x3  
  84  9:07  Overlord x3  
  87  9:14  Zergling x2  
  87  9:15  Zergling x8  
  87  9:16  Zergling x4  
  94  9:21  Zerg Melee Weapons Level 1  
  94  9:37  Mutalisk x3  
  100  9:39  Mutalisk x3  
  61  10:59  Zergling x6, Baneling Nest  
  61  11:00  Zergling x6  
  61  11:01  Zergling x8  
  61  11:03  Zergling x12  
  76  11:52  Baneling  
  76  11:53  Baneling x15  
  76  11:54  Baneling x16  
  76  11:56  Zergling x12  
  76  11:57  Zergling x8  
  76  11:58  Zergling x8  
  76  11:59  Zergling x2  
  76  12:00  Zergling x10  
  96  12:13  Zergling x2  
  96  12:14  Zergling x8  
  101  12:15  Zergling x2  
  101  12:16  Zergling x4  
  101  12:21  Zergling x2  
  101  12:22  Zergling x6  
  108  12:24  Zergling x2  
Show
View Real Time Build Order
Export as new Build Order

shadow Protoss 

Build Orders:  

Get SALT Encoding   

  12  0:02  Probe  
  13  0:14  Probe  
  14  0:48  Probe (Chrono Boost)  
  15  0:52  Pylon  
  15  0:57  Assimilator  
  15  1:02  Assimilator  
  15  1:10  Probe  
  16  1:15  Gateway  
  16  1:33  Probe (Chrono Boost)  
  17  1:43  Probe (Chrono Boost)  
  18  1:58  Gateway  
  18  2:24  Cybernetics Core  
  18  2:29  Zealot  
  20  2:56  Zealot  
  22  3:26  Warp Gate (Chrono Boost)  
  22  4:06  Nexus  
  22  4:13  Pylon  
  22  4:18  Pylon  
  22  4:20  Pylon  
  22  4:31  Stalker x2 (Chrono Boost)  
  26  4:58  Stalker x2 (Chrono Boost)  
  30  5:03  Stargate  
  30  5:06  Stargate  
  30  5:23  Twilight Council  
  30  5:38  Stalker x2  
  34  6:01  Void Ray x2  
  42  6:10  Forge, Protoss Air Weapons Level 1  
  42  6:20  Charge  
  34  6:35  Assimilator  
  34  6:39  Stalker  
  32  6:41  Assimilator  
  33  6:47  Probe (Chrono Boost)  
  33  6:57  Probe (Chrono Boost)  
  24  7:52  Stalker  
  24  7:53  Stalker  
  24  7:56  Void Ray  
  24  7:57  Void Ray  
  36  8:01  Probe (Chrono Boost)  
  36  8:04  Protoss Air Armor Level 1  
  37  8:12  Probe (Chrono Boost)  
  38  8:17  Probe (Chrono Boost)  
  39  8:27  Probe  
  40  8:36  Zealot x2  
  44  9:03  Stalker x2  
  48  9:16  Probe (Chrono Boost)  
  50  9:26  Probe x2 (Chrono Boost)  
  50  9:31  Probe (Chrono Boost)  
  52  9:42  Probe  
  53  9:50  Pylon  
  45  9:53  Pylon  
  45  9:54  Probe  
  28  10:08  Stalker x2  
  22  11:13  Probe (Chrono Boost)  
  23  11:24  Probe x2 (Chrono Boost)  
  25  11:32  Probe (Chrono Boost)  
  26  11:40  Probe  
  27  11:52  Probe  
  28  12:04  Probe (Chrono Boost)  
  29  12:16  Probe (Chrono Boost)  
  30  12:24  Probe (Chrono Boost)  
  31  12:30  Probe  
Show
View Real Time Build Order
Export as new Build Order

BoB Terran 

Build Orders: Command Center First (CC), MMM Bio 

Get SALT Encoding   

  12  0:01  SCV  
  13  0:15  SCV  
  13  0:18  Supply Depot  
  14  0:27  SCV  
  15  0:55  Command Center  
  15  1:01  SCV  
  16  1:13  SCV  
  16  1:14  Barracks  
  17  1:26  SCV  
  18  1:32  Refinery  
  18  1:38  SCV  
  19  1:48  Supply Depot  
  19  1:50  SCV  
  20  2:00  Marine  
  21  2:02  SCV  
  21  2:05  Refinery  
  21  2:07  SCV  
  23  2:14  SCV  
  24  2:19  SCV  
  24  2:21  Barracks Tech Lab  
  25  2:26  SCV  
  26  2:31  SCV  
  27  2:38  SCV  
  27  2:43  Factory, SCV  
  27  2:44  Marine  
  30  2:50  SCV  
  31  2:55  SCV  
  31  2:56  Supply Depot  
  32  3:01  Marine, Stimpack  
  32  3:02  SCV  
  34  3:10  SCV  
  35  3:14  SCV  
  35  3:18  Supply Depot  
  35  3:19  Marine  
  37  3:22  SCV  
  37  3:27  SCV  
  39  3:30  Starport  
  40  3:34  SCV  
  40  3:37  Marine, Factory Reactor  
  40  3:39  SCV  
  42  3:45  Supply Depot  
  42  3:46  SCV  
  43  3:51  SCV  
  44  3:55  Engineering Bay  
  44  3:56  Engineering Bay  
  44  3:58  SCV  
  45  4:03  Marine, SCV  
  45  4:08  Refinery  
  47  4:10  SCV  
  47  4:14  Supply Depot  
  48  4:20  Marine  
  48  4:22  SCV, Terran Infantry Weapons Level 1  
  48  4:23  Terran Infantry Armor Level 1  
  50  4:33  Barracks  
  50  4:35  Barracks  
  50  4:37  Refinery  
  50  4:38  Marine  
  50  4:42  Orbital Command  
  51  4:48  Orbital Command  
  51  4:53  Medivac x2  
  51  4:56  Marine  
  51  4:58  Supply Depot  
  56  5:01  Combat Shields  
  56  5:14  Marine  
  56  5:20  Supply Depot  
  57  5:22  Armory  
  57  5:23  Barracks Reactor x2  
  57  5:32  Marine  
  58  5:40  SCV  
  59  5:43  Supply Depot  
  59  6:06  Supply Depot  
  59  6:08  Command Center  
  59  6:11  Marine x3  
  59  6:12  Marine x2  
  55  6:29  Marine x3, Medivac x2  
  55  6:30  Marine x2  
  63  6:42  Missile Turret  
  63  6:45  Missile Turret  
  61  6:47  Marine x5  
  59  6:55  SCV  
  60  7:02  SCV  
  60  7:03  Barracks  
  60  7:05  Barracks, Marine x5  
  60  7:07  SCV  
  67  7:11  Medivac x2  
  67  7:14  SCV  
  72  7:19  SCV  
  73  7:22  Marine  
  73  7:23  Marine x4  
  73  7:26  Barracks  
  73  7:27  Barracks  
  73  7:29  Missile Turret  
  78  7:31  SCV  
  78  7:33  Missile Turret  
  78  7:34  SCV  
  80  7:37  Missile Turret  
  80  7:40  Marine  
  80  7:41  Marine x3  
  84  7:46  SCV  
  84  7:49  Marine  
  87  7:51  Medivac x2  
  87  7:55  Supply Depot  
  87  7:58  Marine, Barracks Reactor, SCV  
  92  8:00  Barracks Reactor  
  92  8:04  Terran Infantry Weapons Level 2  
  92  8:05  Terran Infantry Armor Level 2  
  92  8:10  SCV  
  93  8:14  Barracks Reactor  
  93  8:15  Barracks Reactor  
  92  8:22  SCV  
  89  8:32  Marine  
  89  8:33  Marine x4  
  89  8:34  Marine  
  95  8:35  Marine  
  95  8:50  Marine x2, SCV  
  98  8:55  Marine  
  98  8:56  Marine x6  
  98  8:57  Marine x4  
  98  9:02  SCV  
  110  9:08  Marine x2  
  110  9:09  Supply Depot  
  112  9:13  Marine x2  
  112  9:14  Marine x6  
  112  9:15  Marine x3  
  123  9:26  Marine x2  
  123  9:30  SCV  
  126  9:31  Marine x3  
  126  9:32  Marine x2, Missile Turret  
  126  9:33  Supply Depot  
  131  9:42  SCV  
  132  9:48  Bunker  
  132  9:54  SCV  
  132  9:56  Supply Depot, Marine  
  132  9:57  Marine x9  
  132  9:58  Marine x3  
  146  10:06  SCV  
  147  10:14  Marine x3  
  147  10:15  Marine x7  
  147  10:17  Marine  
  147  10:18  Marine  
  159  10:21  Supply Depot  
  159  10:30  Medivac  
  159  10:31  Medivac  
  163  10:44  Supply Depot  
  163  10:45  Marine x2  
  163  10:46  Marine x2  
  163  10:47  Marine x6  
  173  11:06  Marine, Medivac  
  173  11:07  Marine x5  
  181  11:15  Marine x7  
  188  11:24  Marine  
  188  11:25  Marine x4  
  193  11:39  Marine x3  
  196  11:40  Marine  
  197  12:06  Command Center  
  197  12:35  Marine  
  197  12:36  Marine x4  
  197  12:37  Marine x5  
  197  12:38  Marine x2  
Show
View Real Time Build Order
Export as new Build Order

Darkimpact Protoss 

Build Orders:  

Get SALT Encoding   

  12  0:02  Probe  
  13  0:14  Probe  
  14  0:26  Probe  
  15  0:32  Assimilator  
  15  0:38  Assimilator  
  15  0:47  Pylon  
  15  1:07  Probe (Chrono Boost)  
  15  1:10  Forge  
  16  1:12  Probe (Chrono Boost)  
  17  1:23  Probe (Chrono Boost), Gateway  
  19  1:34  Probe (Chrono Boost)  
  19  1:36  Pylon  
  19  1:39  Probe (Chrono Boost)  
  20  1:51  Photon Cannon  
  20  1:56  Probe  
  21  2:23  Cybernetics Core  
  21  2:26  Pylon  
  21  2:45  Nexus  
  22  2:51  Probe (Chrono Boost)  
  22  3:04  Probe (Chrono Boost), Gateway  
  23  3:12  Gateway  
  23  3:24  Gateway  
  23  3:33  Gateway  
  23  3:43  Photon Cannon  
  23  3:55  Warp Gate (Chrono Boost)  
  23  3:56  Assimilator  
  23  3:59  Probe (Chrono Boost)  
  24  4:09  Probe (Chrono Boost)  
  25  4:12  Assimilator  
  25  4:15  Probe  
  26  4:27  Probe  
  26  4:31  Pylon  
  27  4:39  Probe  
  27  4:45  Pylon  
  28  4:47  Probe  
  28  4:51  Probe  
  30  4:59  Probe  
  31  5:03  Probe  
  32  5:11  Probe  
  33  5:20  Probe  
  34  5:23  Probe  
  36  5:35  Probe  
  36  5:38  Pylon, Gateway  
  36  5:45  Gateway  
  36  5:47  Probe (Chrono Boost)  
  36  5:48  Gateway  
  36  5:49  Gateway  
  38  5:59  Stalker x2  
  38  6:00  Probe x2 (Chrono Boost), Stalker x3  
  49  6:07  Protoss Ground Weapons Level 1 (Chrono Boost)  
  49  6:08  Probe (Chrono Boost)  
  50  6:20  Pylon  
  50  6:21  Gateway  
  50  6:24  Gateway  
  50  6:37  Stalker  
  52  6:53  Nexus  
  52  6:58  Twilight Council  
  45  7:33  Photon Cannon  
  45  7:37  Stalker  
  45  7:38  Stalker x4  
  45  7:39  Stalker  
  57  7:57  Probe  
  58  7:59  Stalker  
  58  8:00  Stalker x2  
  58  8:04  Protoss Ground Weapons Level 2 (Chrono Boost)  
  64  8:13  Blink (Chrono Boost)  
  64  8:18  Probe  
  65  8:33  Robotics Facility  
  65  8:40  Photon Cannon  
  65  8:45  Photon Cannon  
  65  8:50  Photon Cannon  
  51  9:15  Probe (Chrono Boost)  
  37  9:25  Probe (Chrono Boost)  
  37  9:30  Probe (Chrono Boost), Stalker x3  
  37  9:31  Stalker x2  
  47  9:32  Stalker x3  
  47  9:36  Observer (Chrono Boost)  
  55  9:42  Probe (Chrono Boost)  
  55  9:45  Probe (Chrono Boost)  
  57  9:51  Probe (Chrono Boost)  
  59  9:53  Probe (Chrono Boost)  
  59  9:56  Stalker x4  
  59  9:57  Probe (Chrono Boost)  
  68  10:08  Probe  
  65  10:24  Probe  
  65  10:25  Pylon  
  66  10:36  Probe  
  66  10:40  Stalker x3  
  66  10:41  Stalker  
  66  10:42  Stalker x4  
  83  10:48  Probe  
  83  11:00  Photon Cannon  
  83  11:11  Stalker x3  
  85  11:12  Stalker  
  91  11:26  Stalker  
  91  11:27  Stalker  
  95  11:42  Stalker  
  95  11:43  Stalker x3  
  103  11:47  Probe  
  104  11:55  Stalker x2  
  108  12:05  Pylon  
  108  12:08  Pylon  
  59  12:51  Stalker x4  
  47  12:52  Stalker x3  
  47  12:54  Stalker  
  47  12:55  Stalker x2  
  47  12:56  Stalker  
Show
View Real Time Build Order
Export as new Build Order

niko Terran 

Build Orders:  

Get SALT Encoding   

  12  0:01  SCV  
  13  0:26  Refinery  
  13  0:27  Supply Depot  
  13  0:31  SCV  
  14  0:43  SCV  
  15  0:54  Barracks  
  15  0:56  SCV  
  16  1:01  Refinery  
  16  1:08  SCV  
  17  1:20  Supply Depot  
  17  1:45  Barracks Reactor  
  17  1:50  Barracks  
  17  1:54  Factory  
  17  2:12  Orbital Command  
  17  2:23  Marine  
  18  2:39  Barracks Tech Lab  
  18  2:44  SCV  
  19  2:49  Factory Tech Lab  
  19  2:56  SCV  
  19  2:57  Marine x2  
  22  3:06  Marauder  
  22  3:08  SCV  
  25  3:14  Siege Tank  
  28  3:28  Marine  
  28  3:29  Marine  
  30  3:38  Supply Depot  
  30  3:46  Marauder  
  30  3:47  SCV  
  33  3:51  Siege Tank  
  36  3:59  SCV  
  37  4:06  Engineering Bay  
  37  4:16  SCV  
  38  5:15  Starport  
  38  5:16  Starport  
  38  5:17  Barracks  
  38  5:20  Barracks  
  38  5:21  Factory  
  38  5:32  Terran Infantry Armor Level 1  
  38  5:39  Marine x2  
  40  5:56  Marine  
  40  5:57  Marine  
  42  6:07  Factory Tech Lab  
  42  6:10  Starport Reactor  
  42  6:11  Starport Reactor  
  42  6:12  Barracks Reactor x2  
  42  6:14  Marine x2  
  44  6:26  Siege Tank  
  47  6:33  Supply Depot x2  
  47  6:34  Supply Depot  
  47  6:48  Combat Shields  
  47  6:59  Viking x2  
  50  7:49  Viking  
  50  7:50  Viking x3  
  58  8:08  Command Center  
  58  8:14  Marine x2  
  57  8:59  Marine x3  
  57  9:00  Marine x3  
  63  9:09  Viking x3  
  69  9:15  Siege Tank  
  72  9:17  Marine x2  
  72  9:20  Terran Infantry Weapons Level 1  
  74  9:29  Armory  
  74  9:35  SCV  
  74  9:37  SCV  
  76  9:47  SCV  
  76  9:50  SCV  
  78  10:17  Engineering Bay  
  76  10:27  SCV  
  77  10:28  SCV  
  77  10:32  Refinery x2  
  77  10:39  SCV  
  77  10:40  SCV  
  72  10:51  SCV  
  72  10:52  SCV, Viking  
  72  10:53  Viking x3  
  72  10:54  Marine x2  
  84  11:05  SCV  
  85  11:17  SCV x2  
  87  11:28  Marine x4  
  87  11:29  SCV x2  
  94  11:34  Marine  
  94  11:39  Supply Depot x2  
  94  11:41  Supply Depot  
  94  11:45  Supply Depot  
  94  11:51  Supply Depot  
  94  12:00  Marine x3, SCV  
  98  12:12  SCV  
  99  12:17  Marine x2  
  99  12:18  Marine x2  
  103  12:35  Marine x3  
Tags
 
Add a new tag
Caveats
  • Supply blocks, unpowered buildings, or Contaminate may cause inaccurate times.
  • Supply counts are checked every 10 seconds.